 Dungeon Crawl Stone Soup version 0.31-a0-631-g285b096dc4 (webtiles) character file.

Game seed: 4215468472002119869

20304 Goober42 the Thaumaturge (level 12, -17/66 HPs)
             Began as a Deep Elf Conjurer on Aug 25, 2023.
             Was a Follower of Dithmenos.
             Demolished by a flayed ghost (21 damage)
             ... created by the anger of Yredelemnul
             ... on level 2 of the Lair of Beasts.
             The game lasted 00:33:46 (15207 turns).

Goober42 the Thaumaturge (Deep Elf Conjurer)       Turns: 15207, Time: 00:33:47

Health: -17/66     AC: 10    Str:  4    XL:     12   Next: 44%
Magic:  13/41      EV: 13    Int: 29    God:    Dithmenos [*.....]
Gold:   791        SH:  0    Dex: 13    Spells: 5/39 levels left

rFire   . . .        z - +7 staff of the Meek {protect, meekguard}
rCold   + . .        (shield currently unavailable)
rNeg    . . .        L - +2 robe {rC+}
rPois   +            I - +0 helmet
rElec   .            H - +2 cloak {rPois}
rCorr   .            s - +0 pair of gloves
SInv    .            j - +0 pair of boots
Will    +....        b - amulet of the acrobat
Stlth   ++           K - ring of magical power
HPRegen 0.31/turn    Q - ring of wizardry
MPRegen 0.27/turn

%: acrobat, wizardry (x1)
@: very slightly contaminated, wreathed by umbra
A: no striking features
a: Renounce Religion


You were on level 2 of the Lair of Beasts.
You worshipped Dithmenos.
Dithmenos was aware of your devotion.
You visited 3 branches of the dungeon, and saw 14 of its levels.

You collected 791 gold pieces.

Inventory:

Hand Weapons
 f - a +5 dagger of speed
 w - a +0 long sword
 z - the +7 staff of the Meek (weapon) {protect, meekguard}
   (You found it on level 5 of the Dungeon)
Armour
 a - a +0 robe
 j - a +0 pair of boots (worn)
 s - a +0 pair of gloves (worn)
 C - a +1 robe of cold resistance
 H - a +2 cloak of poison resistance (worn)
 I - a +0 helmet (worn)
 L - a +2 robe of cold resistance (worn)
Jewellery
 b - an amulet of the acrobat (around neck)
 n - a +6 ring of strength
 p - an amulet of guardian spirit
 t - a ring of flight
 v - a ring of ice
 K - a ring of magical power (left hand)
 M - an amulet of regeneration
 O - an amulet of reflection
 Q - a ring of wizardry (right hand)
Wands
 u - a wand of flame (36)
 x - a wand of light (5)
 R - a wand of polymorph (12)
 S - a wand of charming (3)
Scrolls
 d - 7 scrolls of teleportation
 g - a scroll of silence {unknown}
 i - a scroll of enchant weapon
 l - a scroll of fog
 r - a scroll of immolation
 y - a scroll of fear
 A - a scroll of revelation
 F - a scroll of vulnerability
 G - a scroll of amnesia
 N - 2 scrolls of blinking
 T - a scroll of torment {unknown}
Potions
 c - 2 potions of attraction
 e - 8 potions of curing
 h - a potion of ambrosia
 k - a potion of cancellation
 m - 5 potions of heal wounds
 o - 2 potions of lignification
 q - a potion of invisibility
 B - 2 potions of haste
 D - a potion of mutation {unknown}
 E - a potion of might {unknown}
 J - a potion of degeneration {unknown}
 P - 4 potions of enlightenment {unknown}


   Skills:
 - Level 3.9 Fighting
 - Level 1.3 Short Blades
 - Level 6.0 Staves
 - Level 3.0 Armour
 + Level 3.1 Dodging
 + Level 3.1 Stealth
 - Level 14.0 Spellcasting
 - Level 10.0 Conjurations
 - Level 5.0 Hexes
 - Level 5.0 Translocations
 - Level 7.5 Fire Magic
 - Level 10.0 Ice Magic
 - Level 3.0 Invocations


You had 5 spell levels left.
You knew the following spells:

 Your Spells              Type           Power      Damage    Failure   Level
a - Magic Dart            Conj           100%       1d8       1%          1
b - Searing Ray           Conj           100%       2d8       1%          2
c - Fulminant Prism       Conj/Hex       29%        3d13      1%          4
d - Iskenderun's Mystic   Conj/Tloc      59%        2d12      1%          4
e - Tukima's Dance        Hex            49%        N/A       1%          3
f - Starburst             Conj/Fire      31%        6d10      4%          6
g - Ozocubu's Refrigerat  Ice            33%        4d14      14%         7
h - Blink                 Tloc           98%        N/A       1%          2
i - Yara's Violent Unrav  Hex/Tmut       17%        3d8       10%         5

Your spell library contained the following spells:

 Spells                   Type           Power      Damage    Failure   Level
 Foxfire                  Conj/Fire      100%       2x1d9     1%          1
 Ensorcelled Hibernation  Hex/Ice        100%       N/A       1%          2
 Lesser Beckoning         Tloc           98%        N/A       1%          2
 Momentum Strike          Conj/Tloc      100%       3d10      1%          2
 Dazzling Flash           Conj/Hex       100%       N/A       1%          3
 Frozen Ramparts          Ice            100%       1d16      1%          3
 Ozocubu's Armour         Ice            67%        N/A       1%          3
 Portal Projectile        Hex/Tloc       98%        N/A       1%          3
 Volatile Blastmotes      Fire/Tloc      100%       2d18      1%          3
 Passage of Golubria      Tloc           49%        N/A       1%          4
 Metabolic Englaciation   Hex/Ice        29%        N/A       1%          5
 Anguish                  Hex/Necr       17%        N/A       3%          4
 Petrify                  Tmut/Erth      20%        N/A       10%         4
 Plasma Beam              Fire/Air       21%        2x1d33    32%         6


Dungeon Overview and Level Annotations

Branches:
Dungeon (11/15)            Temple (1/1) D:4            Lair (2/5) D:9
 Spider (0/4) Lair:2          Orc (0/2) D:9
  Swamp: Lair:2-3    Shoals: Lair:2-3

Altars:
Ashenzari
Cheibriados
Dithmenos
Elyvilon
Fedhas
Gozag
Hepliaklqana
Kikubaaqudgha
Makhleb
Nemelex Xobeh
Okawaru
Qazlal
Ru
Sif Muna
Trog
Uskayaw
Vehumet
Wu Jian
Xom
Yredelemnul
Zin
The Shining One

Shops:
D:10 *[


Message History

Unknown command.
Casting: Starburst (dangerous; 4% risk of failure)
Confirm with . or Enter, or press ? or * to list all spells.
Casting: Starburst (dangerous; 4% risk of failure)
Press: ? - help, Dir - look around, f - activate You miscast Starburst.
You are very lightly contaminated with residual magic.
You are blasted with fire.
The skeletal warrior closely misses you.
The vampire knight closely misses you.
The vampire knight bites you but does no damage.
Unknown command.
Unknown command.
Casting: Starburst (dangerous; 4% risk of failure)
Confirm with . or Enter, or press ? or * to list all spells.
Casting: Starburst (dangerous; 4% risk of failure)
Press: ? - help, Dir - look around, f - activate The bolt of fire hits the skeletal warrior.
The skeletal warrior is lightly damaged.
The bolt of fire misses the flayed ghost.
The bolt of fire hits the vampire knight!!!
The vampire knight is almost destroyed.
The skeletal warrior hits you with a +0 flail of venom.
The flayed ghost hits you!
The vampire knight hits you with a +1 great sword of protection!!
* * * LOW HITPOINT WARNING * * *
The vampire knight bites you.
* * * LOW HITPOINT WARNING * * *
The vampire knight draws strength from your injuries!
Casting: Starburst (dangerous; 4% risk of failure)
Confirm with . or Enter, or press ? or * to list all spells.
Casting: Starburst (dangerous; 4% risk of failure)
Press: ? - help, Dir - look around, f - activate The bolt of fire misses the flayed ghost.
The bolt of fire hits the skeletal warrior!!
The skeletal warrior is heavily damaged.
The bolt of fire hits the vampire knight!
You destroy the vampire knight!
That felt strangely unrewarding.
The flayed ghost hits you!!
You die...

.#.#.........# #............#
.............# .......$.....#
.............# .............#
.......†.....# .......@z....# #
......W..†...# ## .............#
##. .............# #####..
#.........#..# ##.#....
#........#...# ##.......
#.....###...#..##..####........
#...#.................#.........
#..#.......#.P######..#.........†


You could see a skeletal warrior and a flayed ghost.

Vanquished Creatures
  2 vampire knights
  2 jiangshi (D:11)
  A hydra (D:11)
  2 two-headed ogres
  A centaur warrior (D:11)
  A boulder beetle (D:11)
  A skeletal warrior (Lair:1)
  Nergalle (D:11)
  A pharaoh ant (Lair:2)
  A flayed ghost (Lair:1)
  The ghost of ytrimaz the Martial Artist, a novice OpSh of Ashenzari (D:9)
  2 bog bodies (D:11)
  Pikel (D:4)
  3 cyclopes (D:11)
  A black mamba (Lair:1)
  A centaur zombie (Lair:1)
  A gargoyle (D:11)
  A rime drake (Lair:1)
  3 cane toads
  A kobold demonologist (D:10)
  4 komodo dragons
  A yaktaur (D:11)
  3 trolls
  Sigmund (D:5)
  A jumping spider (Lair:2)
  3 wraiths
  15 yaks
  A wyvern (Lair:2)
  4 vampire mosquitoes (D:10)
  A redback (Lair:2)
  An acid dragon (D:9)
  4 water moccasins
  A black bear (D:5)
  6 orc warriors
  A sky beast (D:6)
  An ice beast (D:5)
  2 ogres
  A centaur (D:8)
  2 phantoms
  A lemure (D:4)
  2 kobold brigands (D:9)
  9 bullfrogs
  Blork the orc (D:4)
  A gnoll sergeant (D:9)
  3 scorpions
  7 wights
  A troll zombie (D:9)
  4 killer bees (D:9)
  2 howler monkeys (D:9)
  An electric eel (D:6)
  A quasit (D:7)
  3 hounds
  5 orc priests
  A jelly (D:8)
  3 iguanas
  Ijyb (D:4)
  7 orc wizards
  3 sleepcaps
  Robin (D:4)
  A gnoll (D:9)
  5 adders
  2 shadow imps (D:7)
  5 white imps
  2 ufetubi (D:7)
  4 worms
  4 dart slugs
  34 orcs
  3 bats
  13 endoplasms
  5 giant cockroaches
  9 goblins
  9 hobgoblins
  9 jackals
  7 kobolds
  3 quokkas
  8 ball pythons
  2 frilled lizards
  10 rats
273 creatures vanquished.

Vanquished Creatures (collateral kills)
  A two-headed ogre (D:6)
  A troll (D:9)
  A hornet (D:8)
  A shadow (D:10)
  A yak (D:9)
  A steam dragon (D:6)
  3 ogres
  An orc warrior (D:7)
  3 gnoll sergeants (D:9)
  2 kobold brigands (D:9)
  3 wights
  A killer bee (D:9)
  A sleepcap (D:7)
  2 gnolls (D:9)
  A white imp (D:7)
  10 orcs
33 creatures vanquished.

Vanquished Creatures (others)
  5 dancing weapons
  A two-headed ogre zombie (D:6)
  A vampire mosquito zombie (D:10)
  2 yak zombies (D:9)
  A bullfrog zombie (D:6)
  A scorpion zombie (D:6)
  An orc wizard (D:5)
  A killer bee zombie (D:9)
  An ogre zombie (D:9)
  An acid dragon zombie (D:9)
  A hound zombie (D:6)
  A steam dragon zombie (D:6)
  2 adder zombies (D:6)
  3 gnoll zombies (D:9)
  17 orc zombies
  19 fulminant prisms
58 creatures vanquished.

Grand Total: 364 creatures vanquished

Notes
Turn   | Place    | Note
-------+----------+-------------------------------------------
     0 | D:1      | Goober42 the Deep Elf Conjurer began the quest for the Orb.
     0 | D:1      | Reached XP level 1. HP: 10/10 MP: 6/6
   268 | D:1      | Reached XP level 2. HP: 15/15 MP: 4/8
   612 | D:1      | Reached skill level 5 in Conjurations
   941 | D:2      | Reached XP level 3. HP: 19/19 MP: 7/10
  1061 | D:2      | Reached skill level 4 in Spellcasting
  1101 | D:2      | Reached XP level 4. HP: 24/24 MP: 8/12
  1254 | D:2      | Reached skill level 5 in Spellcasting
  1372 | D:2      | Learned a level 2 spell: Searing Ray
  1445 | D:2      | Learned a level 4 spell: Fulminant Prism
  1450 | D:2      | Learned a level 4 spell: Iskenderun's Mystic Blast
  2410 | D:3      | Noticed a scorpion
  2421 | D:3      | Killed a scorpion
  2422 | D:3      | Reached skill level 1 in Fighting
  2422 | D:3      | Reached skill level 6 in Spellcasting
  2422 | D:3      | Reached XP level 5. HP: 18/29 MP: 10/15
  2547 | D:3      | Learned a level 3 spell: Tukima's Dance
  2562 | D:3      | Found a faded altar of an unknown god.
  2566 | D:3      | Found a basalt altar of Yredelemnul.
  3325 | D:4      | Found a staircase to the Ecumenical Temple.
  3341 | Temple   | Entered the Ecumenical Temple
  3356 | D:4      | Noticed a lemure
  3357 | D:4      | Noticed a lemure
  3359 | D:4      | Noticed Pikel
  3362 | D:4      | Noticed a lemure
  3364 | D:4      | Noticed a lemure
  3365 | D:4      | Killed Pikel
  3365 | D:4      | Killed a lemure
  3366 | D:4      | Reached XP level 6. HP: 38/38 MP: 1/17
  3366 | D:4      | Reached XP level 7. HP: 42/42 MP: 1/18
  3372 | D:4      | Noticed Ijyb
  3488 | D:4      | Killed Ijyb
  3489 | D:4      | Reached skill level 1 in Hexes
  3651 | D:4      | Noticed Robin
  3658 | D:4      | Killed Robin
  3661 | D:4      | Noticed Blork the orc
  3786 | D:4      | Killed Blork the orc
  3930 | D:4      | Found an iron altar of Okawaru.
  4321 | D:5      | Entered Level 5 of the Dungeon
  4812 | D:5      | Reached skill level 7 in Spellcasting
  4812 | D:5      | Reached XP level 8. HP: 48/48 MP: 11/20
  5115 | D:5      | Reached skill level 8 in Spellcasting
  5120 | D:5      | Reached skill level 1 in Short Blades
  5267 | D:5      | Found the +7 staff of the Meek {protect, meekguard}
  5330 | D:5      | Reached skill level 1 in Staves
  5386 | D:5      | Noticed Sigmund
  5396 | D:5      | Killed Sigmund
  6002 | D:3      | Became a worshipper of Yredelemnul the Dark
  6063 | D:6      | Reached * piety under Yredelemnul
  6064 | D:6      | Reached skill level 1 in Invocations
  6233 | D:6      | Learned a level 6 spell: Starburst
  6448 | D:6      | Reached XP level 9. HP: 43/52 MP: 20/23
  6501 | D:6      | Noticed a two-headed ogre
  6510 | D:6      | Killed a two-headed ogre
  6511 | D:6      | Reached skill level 9 in Spellcasting
  6511 | D:6      | Reached skill level 5 in Fire Magic
  7340 | D:7      | Reached skill level 10 in Spellcasting
  7340 | D:7      | Reached skill level 1 in Armour
  7490 | D:7      | Found a stormy altar of Qazlal.
  7497 | D:7      | Found a hazy altar of Hepliaklqana.
  7894 | D:7      | Reached ** piety under Yredelemnul
  7903 | D:7      | Learned a level 7 spell: Ozocubu's Refrigeration
  8359 | D:8      | Identified a scroll of acquirement
  8360 | D:8      | Acquired a +2 cloak of poison resistance
  8538 | D:8      | Reached XP level 10. HP: 52/56 MP: 26/26
  8857 | D:8      | Reached skill level 11 in Spellcasting
  9012 | D:8      | Identified the +1 leather armour "Xeteriel" {Rampage Str+2
                  | Dex+3 Slay-6}
  9020 | D:8      | Identified the +10 plate armour of Neotz {Contam Dex+3}
  9158 | D:8      | Reached skill level 12 in Spellcasting
  9158 | D:8      | Reached skill level 1 in Ice Magic
  9309 | D:9      | Found a runed translucent door.
  9310 | D:9      | Noticed ytrimaz's ghost (novice OpSh)
  9491 | D:9      | Reached skill level 5 in Ice Magic
  9617 | D:9      | Reached skill level 5 in Hexes
  9617 | D:9      | Reached skill level 5 in Translocations
 10221 | D:9      | Reached XP level 11. HP: 53/60 MP: 13/29
 10371 | D:9      | Learned a level 2 spell: Blink
 10479 | D:9      | Found a staircase to the Lair.
 10616 | D:9      | Found a staircase to the Orcish Mines.
 10670 | D:9      | Killed ytrimaz's ghost
 10744 | D:10     | Entered Level 10 of the Dungeon
 10744 | D:10     | Noticed a two-headed ogre
 10749 | D:10     | Killed a two-headed ogre
 10902 | D:10     | Found a shadowy altar of Dithmenos.
 10977 | D:10     | Reached skill level 13 in Spellcasting
 11223 | D:10     | Found a shimmering blue altar of Sif Muna.
 11331 | D:10     | Fell from the grace of Yredelemnul
 11331 | D:10     | Became a worshipper of Dithmenos the Shadowed
 11372 | D:10     | Found Wucehaqu's Antique Armour Shop.
 11751 | D:10     | Found Jijim's Gadget Gallery.
 11897 | Lair:1   | Entered Level 1 of the Lair of Beasts
 11904 | Lair:1   | Learned a level 5 spell: Yara's Violent Unravelling
 11921 | Lair:1   | Identified the +5 quarterstaff "Puush" {venom, rF+ Dex+3}
 12101 | Lair:1   | Reached skill level 5 in Staves
 12569 | Lair:1   | Noticed a flayed ghost
 12569 | Lair:1   | Noticed a skeletal warrior
 12573 | Lair:1   | Killed a skeletal warrior
 12574 | Lair:1   | Killed a flayed ghost
 13103 | D:11     | Noticed a four-headed hydra
 13113 | D:11     | Killed a four-headed hydra
 13447 | D:11     | Noticed a centaur warrior
 13463 | D:11     | Killed a centaur warrior
 13464 | D:11     | Reached skill level 10 in Conjurations
 13772 | D:11     | Noticed Nergalle
 13777 | D:11     | Killed Nergalle
 13778 | D:11     | Reached skill level 14 in Spellcasting
 13778 | D:11     | Reached XP level 12. HP: 66/66 MP: 21/32
 13873 | D:11     | Noticed a two-headed ogre
 13878 | D:11     | Killed a two-headed ogre
 14151 | D:11     | Noticed a boulder beetle
 14159 | D:11     | Killed a boulder beetle
 14186 | D:11     | Noticed a vampire knight
 14186 | D:11     | Noticed a jiangshi
 14188 | D:11     | Killed a vampire knight
 14188 | D:11     | Killed a jiangshi
 14352 | D:11     | Noticed a jiangshi
 14358 | D:11     | Killed a jiangshi
 14658 | Lair:2   | Found a hole to the Spider Nest.
 15111 | Lair:2   | Reached * piety under Dithmenos
 15113 | Lair:2   | Reached skill level 10 in Ice Magic
 15204 | Lair:2   | Noticed a vampire knight
 15207 | Lair:2   | Killed a vampire knight
 15207 | Lair:2   | Demolished by a flayed ghost

Illustrated notes

Levels and vault maps discovered:
D:1:      minmay_arrival_checkered_box, layout_rooms, minmay_crystal_water
D:2:      wad_river_or_something, layout_basic, grunt_ministairs_15
D:3:      layout_basic, nicolae_overflow_ecumenical_swirl, minivault_4,
          kennysheep_boxes
D:4:      layout_rooms, kennysheep_okawaru_gauntlet,
          minmay_temple_entry_junction_2, kennysheep_small_spiral, uniq_pikel,
          uniq_blork_the_orc, uniq_robin, uniq_ijyb
D:5:      layout_basic, pf_guarded_unrand_meek, uniq_sigmund
D:6:      layout_loops_ring, hangedman_decor_opposing, nicolae_water_bricks
D:7:      layout_cave_pools, mainiacjoe_overflow_big_doors, serial_demonic,
          serial_demonic_b, serial_demonic_f, serial_demonic_g,
          serial_demonic_c, serial_demonic_e, serial_demonic_c,
          serial_demonic_d, serial_demonic_e, serial_demonic_c,
          serial_demonic_g, kennysheep_decorative_pillar, hangedman_glass_teeth
D:8:      layout_basic, hangedman_decor_peaks_small
D:9:      nicolae_cairo_tiling, layout_loops_cross,
          kennysheep_orc_monster_closet_entryway, ebering_ghost_reflecting_pool,
          lemuel_flamethrower_2, uniq_jeremiah
D:10:     layout_cave_pods, mainiacjoe_overflow_alcove_1,
          mainiacjoe_overflow_brackets, serial_shops, shop, amethyst_killhole,
          nicolae_shop_gadgets
D:11:     layout_cave_pools, corexii_checkpoint_b, kb_rosetta, uniq_nergalle
Temple:   minmay_temple_bridge_d
Lair:1:   layout_misc_corridors, infiniplex_staircase_pool
Lair:2:   layout_cave_pods, nicolae_spider_entry_lesser_pyramids,
          serial_bayou_shore_a

Skill      XL: |  1  2  3  4  5  6  7  8  9 10 11 12 |
---------------+-------------------------------------+-----
Conjurations   | 5 6 7 10 | 10.0
Stealth        | 3 |  3.1
Spellcasting   | 4 6 7 8 10 12 14 | 14.0
Dodging        | 3 |  3.1
Fighting       | 1 3 |  3.9
Translocations | 4 5 |  5.0
Hexes          | 4 5 |  5.0
Short Blades   | 1 |  1.3
Staves         | 4 6 |  6.0
Invocations    | 3 |  3.0
Fire Magic     | 5 6 7 |  7.5
Armour         | 3 |  3.0
Ice Magic      | 6 8 10 | 10.0

Action                     |  1- 3 |  4- 6 |  7- 9 | 10-12 || total
---------------------------+-------+-------+-------+-------++-------
  Melee: Dagger            |     2 |       |     3 |       ||     5
         Long sword        |       |       |    19 |       ||    19
         Quarterstaff      |       |       |    40 |    85 ||   125
   Cast: Magic Dart        |    63 |    90 |   156 |   115 ||   424
         Searing Ray       |       |     6 |    41 |    33 ||    80
         Fulminant Prism   |       |     1 |     6 |    12 ||    19
         Iskenderun's Myst |       |     1 |     3 |    12 ||    16
         Tukima's Dance    |       |       |    10 |    24 ||    34
         Starburst         |       |       |       |    52 ||    52
         Ozocubu's Refrige |       |       |       |     8 ||     8
         Blink             |       |       |       |     2 ||     2
    Use: Potion            |       |     1 |     2 |     1 ||     4
         Scroll            |       |       |    10 |     7 ||    17
 Armour: Robe              |       |     1 |    29 |    66 ||    96
  Dodge: Dodged            |     1 |    10 |    83 |   157 ||   251

Table legend: (Time is in decaauts)
 A = Elapsed time spent in this place.
 B = Non-inter-level travel time spent in this place.
 C = Inter-level travel time spent in this place.
 D = Time resting spent in this place.
 E = Time spent auto-exploring this place.
 F = Levels seen in this place.
 G = Mean time per level.
                   A        B        C        D        E       F      G
               +--------+--------+--------+--------+--------+-----+--------+
         Total |  15242 |  14419 |    823 |    105 |  12403 |  14 | 1088.7 |
       Dungeon |  13182 |  12426 |    756 |      0 |  10741 |  11 | 1198.4 |
        Temple |    319 |    319 |      0 |    105 |    194 |   1 |  319.0 |
          Lair |   1740 |   1673 |     67 |      0 |   1468 |   2 |  870.0 |
               +--------+--------+--------+--------+--------+-----+--------+

Top non-repeatable levels by time:
     D:5: 1565 daAuts
     D:9: 1499 daAuts
    D:11: 1478 daAuts
     D:6: 1379 daAuts
     D:2: 1334 daAuts
  Lair:1: 1293 daAuts
    D:10: 1189 daAuts
     D:8: 1008 daAuts
     D:3: 965 daAuts
     D:1: 939 daAuts
     D:4: 933 daAuts
     D:7: 888 daAuts
  Lair:2: 447 daAuts
  Temple: 319 daAuts
